Penguins vs Flames

Created - 9 mars 2024 at 15:23

Goals
1 2 3 T
Penguins 0 2 1 3
Flames 0 1 1 2
Shots
1 2 3 T
Penguins 7 5 12 24
Flames 6 15 15 36

GoalsPenalties
1st period
No Goal
Tyler Myers (PIT) for Roughing (Minor) at 10:55
Caleb Jones (CAL) for Interference (Minor) at 15:38
2nd period
1. Penguins , J.T. Miller 25 (Cale Makar 29, Charlie Coyle 15) at 0:59
2. Penguins , Charlie Coyle 22 (J.T. Miller 27, Jack Campbell) at 12:25
3. Flames , Kiefer Sherwood 10 (Mark Jankowski 11) at 15:09
T.J. Oshie (PIT) for Slashing (Minor) at 3:41
3rd period
4. Flames , Mark Jankowski 6 (Kiefer Sherwood 4, Sam Reinhart 33) at 17:02
5. Penguins , J.T. Miller 26 (Charlie Coyle 16) at 19:12
Evgeny Kuznetsov (CAL) for Slashing (Minor) at 11:33
Goalie Stats
Jack Campbell (PIT), 34 saves from 36 shots - (0,944), W, 11-18-1, 60:00 minutes
Sergei Bobrovsky (CAL), 21 saves from 24 shots - (0,875), L, 23-15-5, 59:16 minutes
3 StarsOfficial
1 - J.T. Miller (PIT)
2 - Charlie Coyle (PIT)
3 - Mark Jankowski (CAL)
Referees : Steve Kozari and Brandon Schrader
Linesman : Trent Knorr and Robb Harrell
Game Note
No Game Note
Finance
Level 1 -- Attendance: 5976 (99,60%) -- Ticket Income $597,600
Level 2 -- Attendance: 5000 (100,00%) -- Ticket Income $300,000
Level 3 -- Attendance: 2000 (100,00%) -- Ticket Income $70,000
Level 4 -- Attendance: 4000 (100,00%) -- Ticket Income $80,000
Luxury Box -- Attendance: 964 (96,40%) -- Ticket Income $192,800
Game was played at the Ghost Rider Center.
Total Attendance: 17940 (99,67%)
Total Ticket Income: $1,240,400
Other Income: $607,796
Total Income: $1,848,196



Team Name Goals Shots Shots Attemp Shots Blocked PIM HIT PP PK FO%
Penguins 32451144230 / 2 (0%)055%
Flames 23664134230 / 2 (0%)045%

Penguins
Player Name POS G A P +/- PIM HIT SHT SB MP PP MP PP SHT PK MP PK SHT FO% FOT GA TA
Auston MatthewsC0000021016:020:0000:0000% 011
Cale MakarD011-1003321:310:0002:0900% 010
Chad RuhwedelD0002020017:042:0900:5500% 000
Charlie CoyleC/LW/RW1232015019:102:0600:2500% 110
Curtis LazarC/RW0002012019:440:0001:04050% 201
Derek RyanC000001006:590:0000:0000% 000
Dmitry OrlovD000-1010223:402:0902:0900% 010
Ethan BearD0000002121:291:4901:4900% 000
J.T. MillerC/LW/RW2132025118:241:5200:00044% 1800
Lawson CrouseLW/RW0000030020:141:5202:200100% 100
Matt NietoLW/RW000000106:590:0000:0000% 000
Matthew BeniersC0000021117:541:5200:00050% 1201
Mikael GranlundC/LW/RW000-1011117:062:0602:29043% 700
Miles WoodLW/RW000000000:000:0000:0000% 000
Ryan MurrayD0002010015:010:0000:1000% 001
Stefan NoesenLW/RW000-1033013:050:0000:4100% 000
T.J. OshieC/LW/RW000-1210120:032:0600:57090% 1010
Troy StecherD000000000:140:0000:0000% 000
Tyler MyersD0000220421:211:4900:4400% 000
Flames
Player Name POS G A P +/- PIM HIT SHT SB MP PP MP PP SHT PK MP PK SHT FO% FOT GA TA
Anthony BeauvillierC/LW/RW0000032115:591:0800:0900% 010
Austin WatsonC/LW/RW0002002012:220:0501:5300% 000
Ben ChiarotD0001011019:240:0002:1400% 000
Blake LizotteC000-3023012:010:0000:56020% 500
Brendan SmithD0001011117:440:0002:0500% 000
Caleb JonesD0001200118:390:5300:4700% 003
Drew DoughtyD000-3004323:173:0501:0600% 001
Erik BrannstromD0001010118:250:5301:4400% 000
Evgeny KuznetsovC/LW/RW0000230018:532:4500:00043% 2310
Kiefer SherwoodLW/RW1122011010:500:0500:0000% 100
Mark JankowskiC/LW1122025011:140:0001:03086% 700
Nick BjugstadC/RW0000013016:441:0801:03025% 810
Pavel ZachaC/LW0000001118:482:4510:0000% 000
Ryan DonatoC/LW000-3011012:330:0500:56050% 200
Sam ReinhartC/RW0110018218:392:4510:00050% 210
Teddy BluegerC/LW/RW000-3032012:510:0001:560100% 200
Trevor MooreC/LW/RW0000011015:021:0810:0000% 100
Victor HedmanD000-3021322:353:0500:0000% 001

Penguins

5 vs 5 Forward
Line #Left WingCenterRight WingPHYDFOFWanted %Time %Time Play
1Curtis LazarJ.T. MillerCharlie Coyle0143534%17:34
2Lawson CrouseMatthew BeniersAuston Matthews1223231%16:02
3Mikael GranlundT.J. OshieStefan Noesen1222121%10:42
4Matt NietoT.J. OshieDerek Ryan1311214%6:59
5 vs 5 Defense
Line #DefenseDefensePHYDFOFWanted %Time %Time Play
1Cale MakarDmitry Orlov1223536%18:35
2Tyler MyersEthan Bear1223537%18:49
3Chad RuhwedelRyan Murray1222019%9:58
4Chad RuhwedelRyan Murray140108%3:55
Power Play Forward
Line #Left WingCenterRight WingPHYDFOFWanted %Time %Time Play
1T.J. OshieMikael GranlundCharlie Coyle1136053%2:06
2Lawson CrouseMatthew BeniersJ.T. Miller1134047%1:52
Power Play Defense
Line #DefenseDefensePHYDFOFWanted %Time %Time Play
1Chad RuhwedelDmitry Orlov1226054%2:09
2Tyler MyersEthan Bear1224046%1:49
Penalty Kill 4 Players Forward
Line #CenterWingPHYDFOFWanted %Time %Time Play
1Mikael GranlundT.J. Oshie1226089%3:33
2Charlie CoyleLawson Crouse1224011%0:25
Penalty Kill 4 Players Defense
Line #DefenseDefensePHYDFOFWanted %Time %Time Play
1Cale MakarDmitry Orlov1226054%2:09
2Tyler MyersEthan Bear1224046%1:49
Penalty Kill 3 Players
Line #WingPHYDFOFWanted %Time %Time PlayDefenseDefensePHYDFOFWanted %Time %Time Play
1Lawson Crouse122600%0:00 Ryan MurrayDmitry Orlov122600%0:00
2Charlie Coyle122400%0:00 Tyler MyersEthan Bear122400%0:00
4 vs 4 Forward
Line #CenterWingPHYDFOFWanted %Time %Time Play
1Charlie CoyleMikael Granlund122600%0:00
2Matthew BeniersLawson Crouse122400%0:00
4 vs 4 Defense
Line #DefensePHYDFOFWanted %Time %Time Play
1Chad RuhwedelDmitry Orlov122600%0:00
2Tyler MyersEthan Bear122400%0:00
Last Minutes Offensive
Left WingCenterRight WingDefenseDefense
Curtis LazarJ.T. MillerCharlie CoyleCale MakarDmitry Orlov
Last Minutes Defensive
Left WingCenterRight WingDefenseDefense
Curtis LazarJ.T. MillerCharlie CoyleCale MakarDmitry Orlov
Time
Total ForwardTotal DefenseLast Minutes OffensiveLast Minutes Defensive
60:00 60:00 0:000:47
Extra Forwards
Normal PowerPlayPenalty Kill
Mikael Granlund, T.J. Oshie, Charlie CoyleMikael Granlund, T.J. OshieMikael Granlund
Extra Defensemen
Normal PowerPlayPenalty Kill
Ethan Bear, Chad Ruhwedel, Ryan MurrayEthan Bear, Ethan BearChad Ruhwedel
Penalty Shots
J.T. Miller, T.J. Oshie, Charlie Coyle, Lawson Crouse, Mikael Granlund
Goalie
Jack Campbell, Spencer Knight
Custom OT Lines Forwards
Curtis Lazar, J.T. Miller, Charlie Coyle, Lawson Crouse, Mikael Granlund, T.J. Oshie, Auston Matthews, Matthew Beniers, Stefan Noesen, Matt Nieto
Custom OT Lines Defensemen
Cale Makar, Dmitry Orlov, Tyler Myers, Ethan Bear, Chad Ruhwedel
Scratches
None

Flames

5 vs 5 Forward
Line #Left WingCenterRight WingPHYDFOFWanted %Time %Time Play
1Trevor MooreEvgeny KuznetsovSam Reinhart0143531%15:56
2Pavel ZachaNick BjugstadAnthony Beauvillier0233028%14:33
3Ryan DonatoBlake LizotteTeddy Blueger0231821%10:37
4Austin WatsonMark JankowskiKiefer Sherwood2211720%10:11
5 vs 5 Defense
Line #DefenseDefensePHYDFOFWanted %Time %Time Play
1Victor HedmanDrew Doughty0233636%18:28
2Ben ChiarotCaleb Jones0233434%17:16
3Brendan SmithErik Brannstrom0322629%14:55
4Drew DoughtyVictor Hedman03241%0:38
Power Play Forward
Line #Left WingCenterRight WingPHYDFOFWanted %Time %Time Play
1Pavel ZachaEvgeny KuznetsovSam Reinhart0056071%2:50
2Trevor MooreNick BjugstadAnthony Beauvillier0054029%1:08
Power Play Defense
Line #DefenseDefensePHYDFOFWanted %Time %Time Play
1Victor HedmanDrew Doughty0146078%3:05
2Caleb JonesErik Brannstrom0144022%0:53
Penalty Kill 4 Players Forward
Line #CenterWingPHYDFOFWanted %Time %Time Play
1Teddy BluegerAustin Watson0506074%2:55
2Nick BjugstadMark Jankowski0504026%1:03
Penalty Kill 4 Players Defense
Line #DefenseDefensePHYDFOFWanted %Time %Time Play
1Ben ChiarotBrendan Smith1406056%2:14
2Erik BrannstromCaleb Jones1404044%1:44
Penalty Kill 3 Players
Line #WingPHYDFOFWanted %Time %Time PlayDefenseDefensePHYDFOFWanted %Time %Time Play
1Teddy Blueger050600%0:00 Brendan SmithBen Chiarot050600%0:00
2Mark Jankowski050400%0:00 Victor HedmanCaleb Jones050400%0:00
4 vs 4 Forward
Line #CenterWingPHYDFOFWanted %Time %Time Play
1Evgeny KuznetsovSam Reinhart014600%0:00
2Pavel ZachaRyan Donato023400%0:00
4 vs 4 Defense
Line #DefensePHYDFOFWanted %Time %Time Play
1Victor HedmanDrew Doughty023600%0:00
2Erik BrannstromCaleb Jones032400%0:00
Last Minutes Offensive
Left WingCenterRight WingDefenseDefense
Pavel ZachaEvgeny KuznetsovSam ReinhartVictor HedmanDrew Doughty
Last Minutes Defensive
Left WingCenterRight WingDefenseDefense
Mark JankowskiNick BjugstadTeddy BluegerBen ChiarotBrendan Smith
Time
Total ForwardTotal DefenseLast Minutes OffensiveLast Minutes Defensive
60:00 60:00 0:470:00
Extra Forwards
Normal PowerPlayPenalty Kill
Sam Reinhart, Evgeny Kuznetsov, Pavel ZachaTrevor Moore, Ryan DonatoBlake Lizotte
Extra Defensemen
Normal PowerPlayPenalty Kill
Victor Hedman, Drew Doughty, Brendan SmithBen Chiarot, Erik BrannstromCaleb Jones
Penalty Shots
Sam Reinhart, Trevor Moore, Pavel Zacha, Ben Chiarot, Caleb Jones
Goalie
Sergei Bobrovsky, Alex Stalock
Custom OT Lines Forwards
Sam Reinhart, Pavel Zacha, Evgeny Kuznetsov, Anthony Beauvillier, Trevor Moore, Ryan Donato, Nick Bjugstad, Blake Lizotte, Teddy Blueger, Austin Watson
Custom OT Lines Defensemen
Victor Hedman, Drew Doughty, Erik Brannstrom, Ben Chiarot, Caleb Jones
Scratches
Tyson Jost (Healthy), Noah Gregor (Healthy), Alex Lyon (Healthy)


Play-by-Play

1st period


0:01 of 1st period - J.T. Miller wins face-off versus Evgeny Kuznetsov in neutral zone.
0:05 of 1st period - Off-side.
0:06 of 1st period - J.T. Miller wins face-off versus Evgeny Kuznetsov in neutral zone.
0:36 of 1st period - Slapshot by J.T. Miller.
0:36 of 1st period - Stopped by Sergei Bobrovsky without a rebound.
0:37 of 1st period - Lawson Crouse wins face-off versus Blake Lizotte in Flames zone.
1:28 of 1st period - Brendan Smith is hit by Chad Ruhwedel and loses puck.
2:17 of 1st period - Wrist shot by Sam Reinhart.
2:17 of 1st period - Stopped by Jack Campbell with a rebound.
2:45 of 1st period - Ethan Bear is hit by Mark Jankowski and loses puck.
3:10 of 1st period - Matt Nieto is hit by Ben Chiarot and loses puck.
3:15 of 1st period - Wrist shot by Sam Reinhart.
3:15 of 1st period - Stopped by Jack Campbell with a rebound.
3:29 of 1st period - Snap shot by Ryan Donato.
3:29 of 1st period - Shot Misses the Net.
3:43 of 1st period - Mikael Granlund is hit by Anthony Beauvillier and loses puck.
3:58 of 1st period - Wrist shot by Nick Bjugstad.
3:58 of 1st period - Shot Blocked by J.T. Miller.
4:02 of 1st period - Wrist shot by Mark Jankowski.
4:02 of 1st period - Stopped by Jack Campbell without a rebound.
4:03 of 1st period - Mark Jankowski wins face-off versus J.T. Miller in Penguins zone.
4:19 of 1st period - Off-side.
4:20 of 1st period - Evgeny Kuznetsov wins face-off versus Matthew Beniers in neutral zone.
4:31 of 1st period - Wrist shot by Sam Reinhart.
4:31 of 1st period - Stopped by Jack Campbell with a rebound.
4:56 of 1st period - Slapshot by Pavel Zacha.
4:56 of 1st period - Shot Misses the Net.
5:49 of 1st period - Sam Reinhart is hit by Lawson Crouse and loses puck.
6:46 of 1st period - Snap shot by Auston Matthews.
6:46 of 1st period - Deflect By Mark Jankowski.
6:46 of 1st period - Stopped by Sergei Bobrovsky with a rebound.
7:06 of 1st period - Drew Doughty is hit by J.T. Miller and loses puck.
7:13 of 1st period - Wrist shot by Charlie Coyle.
7:13 of 1st period - Shot Misses the Net.
7:39 of 1st period - Slapshot by Nick Bjugstad.
7:39 of 1st period - Shot Misses the Net.
7:41 of 1st period - Snap shot by Nick Bjugstad.
7:41 of 1st period - Stopped by Jack Campbell with a rebound.
8:01 of 1st period - Snap shot by J.T. Miller.
8:01 of 1st period - Stopped by Sergei Bobrovsky without a rebound.
8:02 of 1st period - Mark Jankowski wins face-off versus J.T. Miller in Flames zone.
8:13 of 1st period - Wrist shot by Mark Jankowski.
8:13 of 1st period - Shot Misses the Net.
8:15 of 1st period - Snap shot by Mark Jankowski.
8:15 of 1st period - Deflect By Cale Makar.
8:15 of 1st period - Shot Misses the Net.
8:15 of 1st period - Puck is out of play.
8:16 of 1st period - Matthew Beniers wins face-off versus Trevor Moore in Penguins zone.
8:16 of 1st period - Matthew Beniers is hit by Victor Hedman.
8:44 of 1st period - Wrist shot by Auston Matthews.
8:44 of 1st period - Shot Misses the Net.
9:08 of 1st period - Snap shot by Lawson Crouse.
9:08 of 1st period - Shot Blocked by Sam Reinhart.
9:17 of 1st period - Slapshot by Sam Reinhart.
9:17 of 1st period - Shot Misses the Net.
9:19 of 1st period - Wrist shot by Sam Reinhart.
9:19 of 1st period - Shot Blocked by Cale Makar.
9:21 of 1st period - Slapshot by Drew Doughty.
9:21 of 1st period - Deflect By Sam Reinhart.
9:21 of 1st period - Shot Blocked by Dmitry Orlov.
9:21 of 1st period - Puck is out of play.
9:22 of 1st period - Nick Bjugstad wins face-off versus J.T. Miller in Penguins zone.
9:35 of 1st period - Slapshot by Nick Bjugstad.
9:35 of 1st period - Stopped by Jack Campbell with a rebound.
9:43 of 1st period - Ben Chiarot is hit by Ryan Murray and loses puck.
10:16 of 1st period - Wrist shot by Mikael Granlund.
10:16 of 1st period - Deflect By Pavel Zacha.
10:16 of 1st period - Stopped by Sergei Bobrovsky without a rebound.
10:17 of 1st period - T.J. Oshie wins face-off versus Blake Lizotte in Flames zone.
10:28 of 1st period - Snap shot by T.J. Oshie.
10:28 of 1st period - Deflect By Stefan Noesen.
10:28 of 1st period - Stopped by Sergei Bobrovsky without a rebound.
10:29 of 1st period - Evgeny Kuznetsov wins face-off versus J.T. Miller in Flames zone.
10:55 of 1st period - Minor Penalty to Tyler Myers for Roughing.
10:56 of 1st period - Mikael Granlund wins face-off versus Evgeny Kuznetsov in Penguins zone.
11:05 of 1st period - Dmitry Orlov is hit by Evgeny Kuznetsov and loses puck.
11:10 of 1st period - Wrist shot by Evgeny Kuznetsov.
11:10 of 1st period - Shot Misses the Net.
11:12 of 1st period - Slapshot by Victor Hedman.
11:12 of 1st period - Shot Misses the Net.
12:55 of 1st period - Penalty to Tyler Myers is over, Tyler Myers is back on ice.
13:43 of 1st period - Brendan Smith is hit by Dmitry Orlov and loses puck.
14:02 of 1st period - Snap shot by Auston Matthews.
14:02 of 1st period - Shot Blocked by Drew Doughty.
14:40 of 1st period - Lawson Crouse is hit by Ryan Donato and loses puck.
14:53 of 1st period - T.J. Oshie is hit by Mark Jankowski and loses puck.
14:57 of 1st period - Icing by Tyler Myers.
14:58 of 1st period - T.J. Oshie wins face-off versus Mark Jankowski in Penguins zone.
15:19 of 1st period - Slapshot by Charlie Coyle.
15:19 of 1st period - Stopped by Sergei Bobrovsky with a rebound.
15:21 of 1st period - Slapshot by Cale Makar.
15:21 of 1st period - Stopped by Sergei Bobrovsky with a rebound.
15:38 of 1st period - Minor Penalty to Caleb Jones for Interference.
15:39 of 1st period - Teddy Blueger wins face-off versus Mikael Granlund in Flames zone.
17:38 of 1st period - Penalty to Caleb Jones is over, Caleb Jones is back on ice.
17:48 of 1st period - Matt Nieto is hit by Sam Reinhart and loses puck.
17:57 of 1st period - Ethan Bear is hit by Victor Hedman.
18:01 of 1st period - Victor Hedman is hit by Curtis Lazar and loses puck.
18:24 of 1st period - Cale Makar is hit by Nick Bjugstad and loses puck.
19:36 of 1st period - Chad Ruhwedel is hit by Anthony Beauvillier and loses puck.
Goals for this period are 0 for Penguins vs 0 for Flames.
Shots for this period are 7 for Penguins vs 6 for Flames.

2nd period


0:01 of 2nd period - J.T. Miller wins face-off versus Nick Bjugstad in neutral zone.
0:26 of 2nd period - Cale Makar is hit by Teddy Blueger and loses puck.
0:59 of 2nd period - Snap shot by Cale Makar.
0:59 of 2nd period - Deflect By J.T. Miller.
0:59 of 2nd period - Goal by J.T. Miller - Penguins : 1 - Flames : 0.
1:00 of 2nd period - T.J. Oshie wins face-off versus Sam Reinhart in neutral zone.
1:46 of 2nd period - Slapshot by Teddy Blueger.
1:46 of 2nd period - Stopped by Jack Campbell with a rebound.
2:16 of 2nd period - Wrist shot by Drew Doughty.
2:16 of 2nd period - Deflect By Tyler Myers.
2:16 of 2nd period - Stopped by Jack Campbell with a rebound.
2:18 of 2nd period - Snap shot by Mark Jankowski.
2:18 of 2nd period - Shot Misses the Net.
2:30 of 2nd period - Sam Reinhart is hit by Matthew Beniers and loses puck.
3:41 of 2nd period - Minor Penalty to T.J. Oshie for Slashing.
3:42 of 2nd period - Mikael Granlund wins face-off versus Evgeny Kuznetsov in Penguins zone.
3:42 of 2nd period - Mikael Granlund is hit by Evgeny Kuznetsov.
4:15 of 2nd period - Wrist shot by Trevor Moore.
4:15 of 2nd period - Stopped by Jack Campbell with a rebound.
4:17 of 2nd period - Snap shot by Nick Bjugstad.
4:17 of 2nd period - Deflect By Trevor Moore.
4:17 of 2nd period - Shot Misses the Net.
4:17 of 2nd period - Puck is out of play.
4:18 of 2nd period - Evgeny Kuznetsov wins face-off versus Mikael Granlund in Penguins zone.
4:29 of 2nd period - Wrist shot by Sam Reinhart.
4:29 of 2nd period - Shot Blocked by Mikael Granlund.
4:31 of 2nd period - Snap shot by Pavel Zacha.
4:31 of 2nd period - Stopped by Jack Campbell without a rebound.
4:32 of 2nd period - Evgeny Kuznetsov wins face-off versus Mikael Granlund in Penguins zone.
4:41 of 2nd period - Snap shot by Sam Reinhart.
4:41 of 2nd period - Stopped by Jack Campbell without a rebound.
4:42 of 2nd period - Mikael Granlund wins face-off versus Evgeny Kuznetsov in Penguins zone.
5:27 of 2nd period - Wrist shot by Sam Reinhart.
5:27 of 2nd period - Shot Blocked by Tyler Myers.
5:41 of 2nd period - Penalty to T.J. Oshie is over, T.J. Oshie is back on ice.
5:41 of 2nd period - Wrist shot by Sam Reinhart.
5:41 of 2nd period - Stopped by Jack Campbell with a rebound.
6:07 of 2nd period - Snap shot by Evgeny Kuznetsov.
6:07 of 2nd period - Shot Blocked by Tyler Myers.
6:25 of 2nd period - Wrist shot by Stefan Noesen.
6:25 of 2nd period - Shot Misses the Net.
6:27 of 2nd period - Snap shot by Tyler Myers.
6:27 of 2nd period - Shot Misses the Net.
6:45 of 2nd period - Wrist shot by Sam Reinhart.
6:45 of 2nd period - Stopped by Jack Campbell with a rebound.
6:53 of 2nd period - Snap shot by Stefan Noesen.
6:53 of 2nd period - Stopped by Sergei Bobrovsky with a rebound.
6:55 of 2nd period - Snap shot by Ethan Bear.
6:55 of 2nd period - Deflect By Drew Doughty.
6:55 of 2nd period - Stopped by Sergei Bobrovsky with a rebound.
6:57 of 2nd period - Wrist shot by Stefan Noesen.
6:57 of 2nd period - Shot Blocked by Victor Hedman.
6:59 of 2nd period - Backhand shot by Ethan Bear.
6:59 of 2nd period - Shot Blocked by Drew Doughty.
7:01 of 2nd period - Slapshot by Ethan Bear.
7:01 of 2nd period - Stopped by Sergei Bobrovsky without a rebound.
7:02 of 2nd period - Mark Jankowski wins face-off versus Matthew Beniers in Flames zone.
7:02 of 2nd period - Mark Jankowski is hit by Auston Matthews.
7:12 of 2nd period - Caleb Jones is hit by Matthew Beniers and loses puck.
7:39 of 2nd period - Snap shot by Ryan Donato.
7:39 of 2nd period - Stopped by Jack Campbell without a rebound.
7:40 of 2nd period - Matthew Beniers wins face-off versus Ryan Donato in Penguins zone.
7:55 of 2nd period - Lawson Crouse is hit by Teddy Blueger and loses puck.
9:53 of 2nd period - Trevor Moore is hit by Tyler Myers and loses puck.
10:43 of 2nd period - Icing by Brendan Smith.
10:44 of 2nd period - Curtis Lazar wins face-off versus Kiefer Sherwood in Flames zone.
10:45 of 2nd period - Slapshot by Stefan Noesen.
10:45 of 2nd period - Shot Misses the Net.
10:48 of 2nd period - Icing by Brendan Smith.
10:49 of 2nd period - Mark Jankowski wins face-off versus Matthew Beniers in Flames zone.
11:00 of 2nd period - Slapshot by Matthew Beniers.
11:00 of 2nd period - Shot Blocked by Pavel Zacha.
11:05 of 2nd period - Off-side.
11:06 of 2nd period - T.J. Oshie wins face-off versus Nick Bjugstad in neutral zone.
12:25 of 2nd period - Wrist shot by Charlie Coyle.
12:25 of 2nd period - Goal by Charlie Coyle - Penguins : 2 - Flames : 0.
12:26 of 2nd period - Evgeny Kuznetsov wins face-off versus T.J. Oshie in neutral zone.
12:33 of 2nd period - Snap shot by Sam Reinhart.
12:33 of 2nd period - Shot Misses the Net.
12:57 of 2nd period - Ethan Bear is hit by Anthony Beauvillier and loses puck.
13:02 of 2nd period - Slapshot by Pavel Zacha.
13:02 of 2nd period - Shot Misses the Net.
13:04 of 2nd period - Slapshot by Ben Chiarot.
13:04 of 2nd period - Stopped by Jack Campbell with a rebound.
13:24 of 2nd period - Snap shot by Mark Jankowski.
13:24 of 2nd period - Stopped by Jack Campbell with a rebound.
13:40 of 2nd period - Snap shot by Charlie Coyle.
13:40 of 2nd period - Shot Blocked by Brendan Smith.
14:08 of 2nd period - Slapshot by Sam Reinhart.
14:08 of 2nd period - Stopped by Jack Campbell with a rebound.
14:22 of 2nd period - Wrist shot by Derek Ryan.
14:22 of 2nd period - Shot Misses the Net.
14:28 of 2nd period - Wrist shot by Pavel Zacha.
14:28 of 2nd period - Shot Misses the Net.
14:48 of 2nd period - Snap shot by Blake Lizotte.
14:48 of 2nd period - Stopped by Jack Campbell with a rebound.
14:50 of 2nd period - Snap shot by Blake Lizotte.
14:50 of 2nd period - Stopped by Jack Campbell with a rebound.
15:04 of 2nd period - T.J. Oshie is hit by Kiefer Sherwood and loses puck.
15:09 of 2nd period - Slapshot by Kiefer Sherwood.
15:09 of 2nd period - Goal by Kiefer Sherwood - Penguins : 2 - Flames : 1.
15:10 of 2nd period - Evgeny Kuznetsov wins face-off versus J.T. Miller in neutral zone.
15:14 of 2nd period - Icing by J.T. Miller.
15:15 of 2nd period - J.T. Miller wins face-off versus Evgeny Kuznetsov in Penguins zone.
15:15 of 2nd period - J.T. Miller is hit by Trevor Moore.
17:20 of 2nd period - Drew Doughty is hit by Stefan Noesen and loses puck.
17:43 of 2nd period - Ethan Bear is hit by Brendan Smith and loses puck.
17:53 of 2nd period - Icing by Tyler Myers.
17:54 of 2nd period - Mark Jankowski wins face-off versus Matthew Beniers in Penguins zone.
18:07 of 2nd period - Snap shot by Anthony Beauvillier.
18:07 of 2nd period - Stopped by Jack Campbell without a rebound.
18:08 of 2nd period - Evgeny Kuznetsov wins face-off versus J.T. Miller in Penguins zone.
18:17 of 2nd period - Snap shot by J.T. Miller.
18:17 of 2nd period - Shot Blocked by Sam Reinhart.
18:35 of 2nd period - Nick Bjugstad is hit by Stefan Noesen and loses puck.
19:01 of 2nd period - Pavel Zacha is hit by T.J. Oshie and loses puck.
19:42 of 2nd period - Snap shot by Stefan Noesen.
19:42 of 2nd period - Deflect By Mikael Granlund.
19:42 of 2nd period - Shot Misses the Net.
19:42 of 2nd period - Puck is out of play.
19:43 of 2nd period - J.T. Miller wins face-off versus Evgeny Kuznetsov in Flames zone.
Goals for this period are 2 for Penguins vs 1 for Flames.
Shots for this period are 5 for Penguins vs 15 for Flames.

3rd period


0:01 of 3rd period - J.T. Miller wins face-off versus Evgeny Kuznetsov in neutral zone.
0:42 of 3rd period - Wrist shot by Charlie Coyle.
0:42 of 3rd period - Stopped by Sergei Bobrovsky with a rebound.
0:44 of 3rd period - Snap shot by J.T. Miller.
0:44 of 3rd period - Shot Misses the Net.
0:58 of 3rd period - Snap shot by Mark Jankowski.
0:58 of 3rd period - Stopped by Jack Campbell with a rebound.
1:24 of 3rd period - Wrist shot by Charlie Coyle.
1:24 of 3rd period - Deflect By J.T. Miller.
1:24 of 3rd period - Stopped by Sergei Bobrovsky with a rebound.
1:26 of 3rd period - Slapshot by Chad Ruhwedel.
1:26 of 3rd period - Shot Blocked by Erik Brannstrom.
1:28 of 3rd period - Wrist shot by Charlie Coyle.
1:28 of 3rd period - Stopped by Sergei Bobrovsky with a rebound.
1:30 of 3rd period - Wrist shot by Curtis Lazar.
1:30 of 3rd period - Stopped by Sergei Bobrovsky without a rebound.
1:31 of 3rd period - Matthew Beniers wins face-off versus Evgeny Kuznetsov in Flames zone.
1:46 of 3rd period - Snap shot by Auston Matthews.
1:46 of 3rd period - Deflect By Lawson Crouse.
1:46 of 3rd period - Shot Misses the Net.
1:46 of 3rd period - Puck is out of play.
1:47 of 3rd period - T.J. Oshie wins face-off versus Nick Bjugstad in Flames zone.
1:58 of 3rd period - Wrist shot by Mikael Granlund.
1:58 of 3rd period - Shot Blocked by Victor Hedman.
2:00 of 3rd period - Wrist shot by Mikael Granlund.
2:00 of 3rd period - Shot Misses the Net.
2:02 of 3rd period - Wrist shot by T.J. Oshie.
2:02 of 3rd period - Shot Blocked by Anthony Beauvillier.
2:25 of 3rd period - Off-side.
2:26 of 3rd period - T.J. Oshie wins face-off versus Nick Bjugstad in neutral zone.
3:53 of 3rd period - Snap shot by Anthony Beauvillier.
3:53 of 3rd period - Stopped by Jack Campbell with a rebound.
3:55 of 3rd period - Snap shot by Brendan Smith.
3:55 of 3rd period - Stopped by Jack Campbell with a rebound.
3:57 of 3rd period - Snap shot by Nick Bjugstad.
3:57 of 3rd period - Shot Blocked by Tyler Myers.
3:59 of 3rd period - Slapshot by Nick Bjugstad.
3:59 of 3rd period - Shot Blocked by Matthew Beniers.
4:01 of 3rd period - Snap shot by Pavel Zacha.
4:01 of 3rd period - Shot Misses the Net.
4:03 of 3rd period - Slapshot by Brendan Smith.
4:03 of 3rd period - Shot Blocked by Ethan Bear.
4:05 of 3rd period - Wrist shot by Nick Bjugstad.
4:05 of 3rd period - Stopped by Jack Campbell without a rebound.
4:06 of 3rd period - T.J. Oshie wins face-off versus Evgeny Kuznetsov in Penguins zone.
4:06 of 3rd period - T.J. Oshie is hit by Evgeny Kuznetsov.
4:31 of 3rd period - Curtis Lazar is hit by Teddy Blueger and loses puck.
4:56 of 3rd period - Slapshot by Drew Doughty.
4:56 of 3rd period - Stopped by Jack Campbell without a rebound.
4:57 of 3rd period - Matthew Beniers wins face-off versus Evgeny Kuznetsov in Penguins zone.
5:26 of 3rd period - Blake Lizotte is hit by Tyler Myers and loses puck.
5:39 of 3rd period - Slapshot by J.T. Miller.
5:39 of 3rd period - Shot Blocked by Victor Hedman.
6:09 of 3rd period - Evgeny Kuznetsov is hit by Derek Ryan and loses puck.
6:32 of 3rd period - J.T. Miller is hit by Blake Lizotte and loses puck.
6:42 of 3rd period - Off-side.
6:43 of 3rd period - Mark Jankowski wins face-off versus Matthew Beniers in neutral zone.
8:09 of 3rd period - Pavel Zacha is hit by Auston Matthews and loses puck.
8:36 of 3rd period - Wrist shot by Blake Lizotte.
8:36 of 3rd period - Stopped by Jack Campbell without a rebound.
8:37 of 3rd period - T.J. Oshie wins face-off versus Evgeny Kuznetsov in Penguins zone.
9:04 of 3rd period - Ryan Murray is hit by Blake Lizotte and loses puck.
9:27 of 3rd period - Backhand shot by Drew Doughty.
9:27 of 3rd period - Stopped by Jack Campbell with a rebound.
9:29 of 3rd period - Snap shot by Mark Jankowski.
9:29 of 3rd period - Stopped by Jack Campbell without a rebound.
9:30 of 3rd period - Sam Reinhart wins face-off versus J.T. Miller in Penguins zone.
9:37 of 3rd period - Wrist shot by J.T. Miller.
9:37 of 3rd period - Shot Blocked by Caleb Jones.
9:39 of 3rd period - Snap shot by Curtis Lazar.
9:39 of 3rd period - Stopped by Sergei Bobrovsky with a rebound.
9:43 of 3rd period - Slapshot by Cale Makar.
9:43 of 3rd period - Stopped by Sergei Bobrovsky with a rebound.
9:45 of 3rd period - Slapshot by Dmitry Orlov.
9:45 of 3rd period - Deflect By Charlie Coyle.
9:45 of 3rd period - Shot Misses the Net.
9:45 of 3rd period - Puck is out of play.
9:46 of 3rd period - Matthew Beniers wins face-off versus Nick Bjugstad in Flames zone.
9:47 of 3rd period - Wrist shot by Auston Matthews.
9:47 of 3rd period - Shot Misses the Net.
9:55 of 3rd period - Snap shot by Anthony Beauvillier.
9:55 of 3rd period - Shot Blocked by Tyler Myers.
9:57 of 3rd period - Slapshot by Victor Hedman.
9:57 of 3rd period - Stopped by Jack Campbell with a rebound.
9:59 of 3rd period - Slapshot by Drew Doughty.
9:59 of 3rd period - Stopped by Jack Campbell without a rebound.
10:00 of 3rd period - J.T. Miller wins face-off versus Evgeny Kuznetsov in Penguins zone.
10:50 of 3rd period - Slapshot by Caleb Jones.
10:50 of 3rd period - Deflect By Teddy Blueger.
10:50 of 3rd period - Stopped by Jack Campbell without a rebound.
10:51 of 3rd period - Ryan Donato wins face-off versus J.T. Miller in Penguins zone.
11:18 of 3rd period - Trevor Moore is hit by Lawson Crouse and loses puck.
11:27 of 3rd period - Wrist shot by Auston Matthews.
11:27 of 3rd period - Shot Misses the Net.
11:33 of 3rd period - Minor Penalty to Evgeny Kuznetsov for Slashing.
11:34 of 3rd period - Teddy Blueger wins face-off versus Mikael Granlund in Flames zone.
11:34 of 3rd period - Teddy Blueger is hit by Mikael Granlund.
11:44 of 3rd period - Wrist shot by Teddy Blueger.
11:44 of 3rd period - Shot Blocked by T.J. Oshie.
12:29 of 3rd period - Blake Lizotte is hit by Lawson Crouse and loses puck.
13:19 of 3rd period - Dmitry Orlov is hit by Erik Brannstrom and loses puck.
13:33 of 3rd period - Penalty to Evgeny Kuznetsov is over, Evgeny Kuznetsov is back on ice.
13:50 of 3rd period - Wrist shot by Matt Nieto.
13:50 of 3rd period - Stopped by Sergei Bobrovsky without a rebound.
13:51 of 3rd period - Nick Bjugstad wins face-off versus Curtis Lazar in Flames zone.
13:55 of 3rd period - Off-side.
13:56 of 3rd period - Matthew Beniers wins face-off versus Nick Bjugstad in neutral zone.
13:59 of 3rd period - Slapshot by Cale Makar.
13:59 of 3rd period - Stopped by Sergei Bobrovsky with a rebound.
14:03 of 3rd period - Snap shot by Auston Matthews.
14:03 of 3rd period - Shot Misses the Net.
14:05 of 3rd period - Wrist shot by Matthew Beniers.
14:05 of 3rd period - Shot Blocked by Drew Doughty.
14:07 of 3rd period - Snap shot by Matthew Beniers.
14:07 of 3rd period - Stopped by Sergei Bobrovsky without a rebound.
14:08 of 3rd period - Evgeny Kuznetsov wins face-off versus Charlie Coyle in Flames zone.
15:00 of 3rd period - Slapshot by Blake Lizotte.
15:00 of 3rd period - Shot Blocked by Cale Makar.
15:02 of 3rd period - Slapshot by Ryan Donato.
15:02 of 3rd period - Shot Blocked by Dmitry Orlov.
15:04 of 3rd period - Snap shot by Ryan Donato.
15:04 of 3rd period - Shot Blocked by Cale Makar.
16:07 of 3rd period - Caleb Jones is hit by Chad Ruhwedel and loses puck.
17:02 of 3rd period - Wrist shot by Mark Jankowski.
17:02 of 3rd period - Goal by Mark Jankowski - Penguins : 2 - Flames : 2.
17:03 of 3rd period - T.J. Oshie wins face-off versus Blake Lizotte in neutral zone.
17:39 of 3rd period - Wrist shot by Stefan Noesen.
17:39 of 3rd period - Stopped by Sergei Bobrovsky with a rebound.
17:57 of 3rd period - Anthony Beauvillier is hit by Stefan Noesen.
18:25 of 3rd period - Slapshot by Erik Brannstrom.
18:25 of 3rd period - Deflect By Austin Watson.
18:25 of 3rd period - Stopped by Jack Campbell with a rebound.
18:31 of 3rd period - Wrist shot by Austin Watson.
18:31 of 3rd period - Stopped by Jack Campbell without a rebound.
18:32 of 3rd period - Blake Lizotte wins face-off versus Matthew Beniers in Penguins zone.
18:57 of 3rd period - Mark Jankowski is hit by J.T. Miller and loses puck.
19:08 of 3rd period - Snap shot by Charlie Coyle.
19:08 of 3rd period - Stopped by Sergei Bobrovsky without a rebound.
19:09 of 3rd period - J.T. Miller wins face-off versus Blake Lizotte in Flames zone.
19:12 of 3rd period - Snap shot by J.T. Miller.
19:12 of 3rd period - Goal by J.T. Miller - Penguins : 3 - Flames : 2.
19:13 of 3rd period - Evgeny Kuznetsov wins face-off versus J.T. Miller in neutral zone.
19:16 of 3rd period - Flames, Sergei Bobrovsky is pulled from the net.
19:24 of 3rd period - Drew Doughty is hit by Charlie Coyle and loses puck.
19:52 of 3rd period - Slapshot by Sam Reinhart.
19:52 of 3rd period - Stopped by Jack Campbell without a rebound.
19:53 of 3rd period - Mike Sullivan call a timeout for Flames.
19:53 of 3rd period - Evgeny Kuznetsov wins face-off versus J.T. Miller in Penguins zone.
Goals for this period are 1 for Penguins vs 1 for Flames.
Shots for this period are 12 for Penguins vs 15 for Flames.




Output by the SimonT Hockey Simulator (STHS) for Eric Tremblay - Original Page W3C HTML5 Valid
Hockey Simulator - Hockey Simulation - Hockey Manager